Map: Lightshade LE

Players

AMZN

  • Race: Protoss Protoss
  • League: Master

demuQueen - Winner!

  • Race: Terran Terran
  • League: Grandmaster

VOD

Have the link to the VOD?

Description

Just a replay of a good terran, Trying to get Build orders to load

Time

  • Played on: July 30, 2021, 9:14 a.m.
  • Length: 10:02
Show
View Real Time Build Order
Export as new Build Order

AMZN Protoss 

Build Orders: 1 Gate Expand, Blink Stalkers 

Get SALT Encoding   

  12  0:00  Probe  
  13  0:12  Probe  
  14  0:17  Pylon  
  14  0:24  Probe  
  15  0:35  Gateway  
  15  0:38  Probe (Chrono Boost)  
  16  0:44  Assimilator  
  16  0:48  Probe (Chrono Boost)  
  17  0:53  Probe  
  18  1:06  Probe  
  19  1:18  Probe  
  20  1:23  Cybernetics Core  
  20  1:34  Nexus  
  20  1:42  Pylon  
  20  1:48  Probe  
  20  1:49  Assimilator  
  21  1:57  Adept (Chrono Boost)  
  21  2:01  Probe  
  24  2:05  Shield Battery  
  24  2:13  Probe  
  25  2:19  Adept  
  25  2:21  Warp Gate  
  27  2:25  Probe  
  28  2:32  Twilight Council  
  28  2:37  Probe  
  30  2:51  Probe (Chrono Boost)  
  30  2:55  Probe (Chrono Boost)  
  29  3:00  Stalker  
  29  3:03  Probe (Chrono Boost)  
  32  3:07  Probe (Chrono Boost)  
  32  3:09  Blink (Chrono Boost)  
  32  3:11  Probe (Chrono Boost)  
  34  3:12  Probe (Chrono Boost)  
  34  3:17  Probe  
  36  3:22  Probe  
  36  3:23  Pylon  
  37  3:29  Probe  
  37  3:32  Gateway  
  38  3:34  Probe  
  38  3:37  Gateway  
  39  3:41  Probe  
  39  3:45  Gateway  
  41  3:48  Probe  
  41  3:52  Gateway  
  41  3:55  Probe  
  42  3:59  Forge  
  42  4:03  Pylon  
  42  4:05  Probe  
  42  4:09  Stalker  
  45  4:15  Pylon  
  45  4:19  Assimilator  
  45  4:20  Probe x2  
  47  4:30  Stalker  
  49  4:32  Probe  
  49  4:34  Stalker x2  
  51  4:43  Stalker  
  47  4:59  Stalker x3  
  37  5:16  Stalker  
  39  5:23  Stalker x2  
  39  5:27  Stalker  
  43  5:41  Probe  
  44  5:46  Probe  
  44  5:48  Stalker x3  
  51  5:53  Probe  
  50  6:03  Probe  
  49  6:05  Stalker, Probe  
  52  6:15  Probe  
  52  6:18  Probe  
  50  6:27  Probe  
  50  6:30  Probe  
  46  6:33  Stalker x4  
  46  6:39  Probe  
  51  6:40  Protoss Ground Weapons Level 1 (Chrono Boost)  
  51  6:42  Probe  
  50  6:48  Pylon  
  50  6:49  Photon Cannon  
  50  6:51  Probe  
  52  6:54  Probe  
  52  6:57  Assimilator, Stalker  
  54  7:03  Photon Cannon, Probe  
  54  7:06  Probe  
  54  7:08  Shield Battery  
  56  7:12  Robotics Facility  
  56  7:21  Stalker  
  56  7:22  Stalker x2  
  62  7:23  Probe  
  62  7:24  Probe  
  64  7:35  Probe  
  65  7:41  Pylon  
  65  7:43  Nexus  
  65  7:52  Probe x2, Charge (Chrono Boost)  
  67  7:58  Pylon  
  67  8:03  Robotics Bay  
  67  8:04  Probe  
  67  8:05  Probe  
  69  8:08  Stalker x2  
  73  8:18  Immortal (Chrono Boost)  
  73  8:20  Probe  
  73  8:24  Probe  
  79  8:28  Gateway  
  79  8:32  Gateway, Probe  
  80  8:42  Sentry  
  82  8:51  Colossus (Chrono Boost)  
  88  8:55  Shield Battery  
  88  9:01  Zealot x2  
  92  9:06  Zealot  
  92  9:08  Zealot  
  74  9:22  Stalker x3  
  71  9:28  Zealot x2  
  70  9:36  Zealot x2  
  72  9:51  Zealot x2  
  72  9:52  Zealot x2  
  62  9:58  Zealot  
Show
View Real Time Build Order
Export as new Build Order

demuQueen Terran - Winner!

Build Orders:  

Get SALT Encoding   

  12  0:00  SCV  
  13  0:12  SCV  
  14  0:17  Supply Depot  
  14  0:24  SCV  
  15  0:38  SCV  
  15  0:39  Barracks  
  16  0:46  Refinery  
  16  0:50  SCV  
  17  1:02  SCV  
  18  1:14  SCV  
  19  1:30  Marine  
  19  1:31  Orbital Command  
  20  1:45  Command Center  
  20  1:50  Barracks Reactor  
  20  1:57  SCV  
  20  1:58  Supply Depot  
  21  2:09  SCV  
  21  2:12  Factory  
  22  2:21  SCV  
  23  2:26  Marine  
  23  2:27  Marine  
  23  2:29  Refinery  
  25  2:33  SCV  
  26  2:44  Marine x2  
  26  2:46  SCV  
  27  2:56  Starport, Factory Tech Lab  
  27  2:58  SCV  
  28  3:02  Marine  
  28  3:03  Marine  
  30  3:10  SCV  
  31  3:25  Marine x2  
  31  3:26  Orbital Command, Cyclone, SCV  
  37  3:35  Supply Depot, Medivac  
  37  3:38  SCV  
  40  3:46  Marine x2  
  42  3:50  SCV  
  42  3:53  SCV  
  44  3:58  Cyclone  
  44  4:01  Supply Depot  
  47  4:05  Marine x2  
  47  4:06  Barracks  
  47  4:09  SCV  
  50  4:11  SCV  
  51  4:21  Supply Depot, SCV  
  51  4:23  SCV  
  53  4:34  Starport Tech Lab  
  53  4:35  Engineering Bay  
  53  4:36  SCV  
  54  4:42  SCV  
  54  4:48  Barracks, SCV  
  50  4:55  SCV  
  50  5:00  SCV  
  50  5:06  Marine  
  50  5:07  Marine, SCV, Raven  
  47  5:09  Terran Infantry Weapons Level 1  
  47  5:10  Factory Tech Lab  
  45  5:14  Barracks Tech Lab  
  45  5:17  SCV  
  45  5:19  SCV  
  45  5:21  Refinery  
  45  5:22  Refinery  
  45  5:24  Marine x2  
  45  5:27  Bunker  
  47  5:30  SCV, Siege Tank  
  47  5:32  Marine, SCV  
  53  5:39  Marine  
  53  5:42  Marine, SCV  
  53  5:44  SCV  
  53  5:45  Marine  
  49  5:50  Marine, Banshee  
  49  5:54  SCV  
  50  6:02  Marine x2  
  48  6:05  Orbital Command  
  48  6:09  Marine  
  48  6:15  Marine, SCV  
  44  6:20  Marine  
  44  6:21  Marauder  
  44  6:27  Marine  
  41  6:33  Marauder, Stimpack  
  41  6:38  Marine, SCV  
  43  6:42  Marauder  
  43  6:45  Marine  
  48  6:47  Siege Tank  
  48  6:51  SCV  
  49  6:56  Orbital Command  
  49  6:57  Marine  
  49  7:00  Marine  
  50  7:05  SCV  
  50  7:07  Marine  
  52  7:09  Marine  
  52  7:10  Starport Reactor  
  52  7:14  Marine  
  54  7:19  Marine  
  54  7:20  Supply Depot x2  
  55  7:25  Marine  
  55  7:26  Marine  
  55  7:27  Combat Shield  
  57  7:32  Marine  
  57  7:34  Supply Depot, SCV x2  
  60  7:37  Supply Depot, Marine  
  60  7:40  Terran Infantry Armor Level 1  
  60  7:42  Marine  
  62  7:47  Marine  
  62  7:50  Marine  
  61  7:53  Orbital Command  
  61  7:54  Medivac  
  61  7:56  SCV  
  64  8:01  Marine x2  
  66  8:07  Marine  
  66  8:08  SCV  
  66  8:10  Medivac  
  69  8:20  SCV  
  69  8:21  Marine, SCV  
  69  8:22  Marine  
  73  8:27  Supply Depot  
  73  8:29  Marine  
  73  8:30  Concussive Shells  
  73  8:32  SCV  
  73  8:33  SCV  
  76  8:38  Marauder  
  78  8:42  Marine  
  78  8:44  SCV  
  78  8:45  SCV  
  81  8:51  Marine  
  81  8:52  Marauder, Medivac  
  86  8:56  SCV  
  86  8:57  Refinery, SCV  
  86  8:58  Refinery  
  88  9:05  Marine  
  88  9:06  Marauder  
  88  9:08  SCV  
  88  9:09  SCV  
  86  9:18  Marine  
  86  9:19  Marauder  
  86  9:20  SCV  
  86  9:21  SCV  
  86  9:23  Marine  
  92  9:27  Marauder  
  94  9:33  SCV x2  
  94  9:37  Command Center  
  96  9:41  Barracks  
  96  9:43  Barracks  
Tags
 
Add a new tag
Caveats
  • Supply blocks, unpowered buildings, or Contaminate may cause inaccurate times.
  • Supply counts are checked every 10 seconds.